3L
LAS VEGAS FLAMINGOS @ PHILADELPHIA 1776 BC
05/05/2025
 
TOP OF THE 1ST
Las Vegas Flamingos batting - Pitching for Philadelphia 1776 BC : LHP Carlos Sánchez
Pitching: LHP Carlos Sánchez
Batting: RHB Sake van Arem 0-0: Ball
1-0: Ball
2-0: Ground out 5-3 (Groundball, 5S)
Batting: RHB Ángel López 0-0: Ball
1-0: Swinging Strike
1-1: Ball
2-1: Ball
3-1: Base on Balls
Batting: RHB Terry Sylvester 0-0: Ball
Ángel López is caught stealing 2nd base
1-0: Reached on error, E5 (Groundball, 5S)
Batting: LHB Chris McKinney 0-0: Fly out, F9 (Flyball, 9)
Top of the 1st over - 0 run(s), 0 hit(s), 1 error(s), 1 left on base; Las Vegas 0 - Philadelphia 1776 0
BOTTOM OF THE 1ST
Philadelphia 1776 BC batting - Pitching for Las Vegas Flamingos : RHP Melvin Haney
Pitching: RHP Melvin Haney
Batting: RHB Jesús Orozco 0-0: Called Strike
0-1: Ball
1-1: Foul Ball, location: 2F
1-2: SINGLE (Groundball, 34D)
Batting: LHB Cliff Aldridge 0-0: Fly out, F8 (Flyball, 8LXD)
Batting: LHB Héctor Torres 0-0: Ball
Jesús Orozco is caught stealing 2nd base
1-0: Ground out 4-3 (Groundball, 4)
Bottom of the 1st over - 0 run(s), 1 hit(s), 0 error(s), 0 left on base; Las Vegas 0 - Philadelphia 1776 0
TOP OF THE 2ND
Las Vegas Flamingos batting - Pitching for Philadelphia 1776 BC : LHP Carlos Sánchez
Batting: RHB Jeff Young 0-0: Ball
1-0: Called Strike
1-1: Ball
2-1: Swinging Strike
2-2: Ball
3-2: Strikes out swinging
Batting: LHB Sixto Álvarez 0-0: Foul Ball, location: 2F
0-1: Swinging Strike
0-2: Ground out 4-3 (Groundball, 34)
Batting: RHB Pablo Lugo 0-0: Ball
1-0: Called Strike
1-1: Ball
2-1: Swinging Strike
2-2: Strikes out looking
Top of the 2nd over - 0 run(s), 0 hit(s), 0 error(s), 0 left on base; Las Vegas 0 - Philadelphia 1776 0
BOTTOM OF THE 2ND
Philadelphia 1776 BC batting - Pitching for Las Vegas Flamingos : RHP Melvin Haney
Batting: RHB Jesús Rodríguez 0-0: Ground out 5-3 (Groundball, 56)
Batting: RHB Patrizio Vanali 0-0: Foul Ball, location: 2F
0-1: Swinging Strike
0-2: Ball
1-2: Foul Ball, location: 2F
1-2: Strikes out swinging
Batting: SHB Jesús Cabañe 0-0: Fly out, F8 (Flyball, 8LXD)
Bottom of the 2nd over - 0 run(s), 0 hit(s), 0 error(s), 0 left on base; Las Vegas 0 - Philadelphia 1776 0
TOP OF THE 3RD
Las Vegas Flamingos batting - Pitching for Philadelphia 1776 BC : LHP Carlos Sánchez
Batting: LHB Jake Shelton 0-0: Ball
1-0: Ball
2-0: Foul Ball, location: 2F
2-1: Ball
3-1: Foul Ball, location: 2F
3-2: Ground out 4-3 (Groundball, 4M)
Batting: LHB Sinclair van Kooten 0-0: Called Strike
0-1: Ball
1-1: Foul Ball, location: 2F
1-2: Strikes out looking
Batting: RHB Sake van Arem 0-0: Called Strike
0-1: Ball
1-1: Foul Ball, location: 2F
1-2: Ground out 4-3 (Groundball, 4)
Top of the 3rd over - 0 run(s), 0 hit(s), 0 error(s), 0 left on base; Las Vegas 0 - Philadelphia 1776 0
BOTTOM OF THE 3RD
Philadelphia 1776 BC batting - Pitching for Las Vegas Flamingos : RHP Melvin Haney
Batting: RHB Greg Robinson 0-0: Foul Ball, location: 2F
0-1: Called Strike
0-2: Strikes out looking
Batting: RHB Russell Jackson 0-0: Ball
1-0: Ball
2-0: Ground out 6-3 (Groundball, 6)
Batting: RHB Dave Morris 0-0: Ball
1-0: Ball
2-0: Swinging Strike
2-1: Ground out 6-3 (Groundball, 6)
Bottom of the 3rd over - 0 run(s), 0 hit(s), 0 error(s), 0 left on base; Las Vegas 0 - Philadelphia 1776 0
TOP OF THE 4TH
Las Vegas Flamingos batting - Pitching for Philadelphia 1776 BC : LHP Carlos Sánchez
Batting: RHB Ángel López 0-0: Foul Ball, location: 2F
0-1: Ball
1-1: SINGLE (Groundball, 6MD)
Batting: RHB Terry Sylvester 0-0: Ball
1-0: Called Strike
1-1: Called Strike
1-2: Ball
2-2: Ball
3-2: Foul Ball, location: 2F
3-2: Strikes out swinging
Throwing error on steal attempt, E2
Ángel López to third
Batting: LHB Chris McKinney 0-0: Ball
1-0: Ball
2-0: Called Strike
2-1: Ball
3-1: Base on Balls
Batting: RHB Jeff Young 0-0: Ball
1-0: Called Strike
1-1: Foul Ball, location: 2F
1-2: Foul Ball, location: 2F
1-2: Ball
2-2: Ball
3-2: Strikes out swinging
Batting: LHB Sixto Álvarez 0-0: Ball
1-0: Ball
2-0: Foul Ball, location: 2F
2-1: Called Strike
2-2: Ball
3-2: Foul Ball, location: 2F
3-2: Foul Ball, location: 2F
3-2: Foul Ball, location: 2F
3-2: Ground out 4-3 (Groundball, 4)
Top of the 4th over - 0 run(s), 1 hit(s), 1 error(s), 2 left on base; Las Vegas 0 - Philadelphia 1776 0
BOTTOM OF THE 4TH
Philadelphia 1776 BC batting - Pitching for Las Vegas Flamingos : RHP Melvin Haney
Batting: RHB Jesús Orozco 0-0: Ball
1-0: Foul Ball, location: 2F
1-1: Ball
2-1: Ball
3-1: Base on Balls
Batting: LHB Cliff Aldridge 0-0: Ball
1-0: Foul Ball, location: 2F
1-1: Foul Ball, location: 2F
1-2: Fielders Choice at 2nd, 4-6 (Groundball, 4)
Batting: LHB Héctor Torres 0-0: Ball
1-0: Ball
Cliff Aldridge steals 2nd base
2-0: Called Strike
2-1: DOUBLE (Flyball, 89XD)
Cliff Aldridge scores
Batting: RHB Jesús Rodríguez 0-0: Called Strike
0-1: Ball
1-1: Ball
2-1: Called Strike
2-2: SINGLE (Line Drive, 6M)
Héctor Torres to third
Batting: RHB Patrizio Vanali 0-0: Ball
1-0: Swinging Strike
1-1: Swinging Strike
1-2: Hit by Pitch
Jesús Rodríguez to second
Batting: SHB Jesús Cabañe 0-0: Ball
1-0: Called Strike
1-1: Foul Ball, location: 2F
1-2: Foul Ball, location: 2F
1-2: Foul Ball, location: 2F
1-2: Fly out, F7 (Flyball, 7D)
Runner from 3rd tags up, SCORES, no throw
Batting: RHB Greg Robinson 0-0: Called Strike
0-1: Ball
1-1: Ball
2-1: Ball
3-1: Foul Ball, location: 2F
3-2: Ground out 1-3 (Groundball, 13S)
Bottom of the 4th over - 2 run(s), 2 hit(s), 0 error(s), 2 left on base; Las Vegas 0 - Philadelphia 1776 2
TOP OF THE 5TH
Las Vegas Flamingos batting - Pitching for Philadelphia 1776 BC : LHP Carlos Sánchez
Batting: RHB Pablo Lugo 0-0: Foul Ball, location: 2F
0-1: SINGLE (Flyball, 8RS)
Batting: LHB Jake Shelton 0-0: Called Strike
0-1: Ball
1-1: Swinging Strike
1-2: Foul Ball, location: 2F
1-2: Ball
2-2: Strikes out swinging
Batting: LHB Sinclair van Kooten 0-0: Swinging Strike
0-1: Called Strike
0-2: Ball
1-2: Ball
2-2: SINGLE (Flyball, 78S)
Pablo Lugo to second
Batting: RHB Sake van Arem 0-0: Ball
1-0: Foul Ball, location: 2F
1-1: Foul Ball, location: 2F
1-2: Foul Ball, location: 2F
1-2: Strikes out swinging
Batting: RHB Ángel López 0-0: Called Strike
0-1: Ball
1-1: Ball
2-1: Swinging Strike
2-2: Ball
3-2: Ground out 6-3 (Groundball, 6)
Top of the 5th over - 0 run(s), 2 hit(s), 0 error(s), 2 left on base; Las Vegas 0 - Philadelphia 1776 2
BOTTOM OF THE 5TH
Philadelphia 1776 BC batting - Pitching for Las Vegas Flamingos : RHP Melvin Haney
Batting: RHB Russell Jackson 0-0: Ball
1-0: Called Strike
1-1: Ball
2-1: Ground out 5-3 (Groundball, 56)
Batting: RHB Dave Morris 0-0: Ball
1-0: Fly out, F8 (Flyball, 8LS)
Batting: RHB Jesús Orozco 0-0: Foul Ball, location: 2F
0-1: Called Strike
0-2: Ball
1-2: Foul Ball, location: 2F
1-2: Foul Ball, location: 2F
1-2: Fly out, F9 (Flyball, 9S)
Bottom of the 5th over - 0 run(s), 0 hit(s), 0 error(s), 0 left on base; Las Vegas 0 - Philadelphia 1776 2
TOP OF THE 6TH
Las Vegas Flamingos batting - Pitching for Philadelphia 1776 BC : LHP Carlos Sánchez
Batting: RHB Terry Sylvester 0-0: Fly out, F7 (Flyball, 78M)
Batting: LHB Chris McKinney 0-0: Fly out, F8 (Flyball, 8RD)
Batting: RHB Jeff Young 0-0: Ball
1-0: Called Strike
1-1: Foul Ball, location: 2F
1-2: Ball
2-2: Ground out 6-3 (Groundball, 6)
Top of the 6th over - 0 run(s), 0 hit(s), 0 error(s), 0 left on base; Las Vegas 0 - Philadelphia 1776 2
BOTTOM OF THE 6TH
Philadelphia 1776 BC batting - Pitching for Las Vegas Flamingos : RHP Melvin Haney
Batting: LHB Cliff Aldridge 0-0: Called Strike
0-1: Swinging Strike
0-2: Foul Ball, location: 2F
0-2: Ball
1-2: Ball
2-2: Ball
3-2: DOUBLE (Line Drive, 3D)
Batting: LHB Héctor Torres 0-0: Ball
1-0: Ball
2-0: Foul Ball, location: 2F
2-1: Called Strike
2-2: Ball
3-2: Foul Ball, location: 2F
3-2: Strikes out looking
Batting: RHB Jesús Rodríguez 0-0: Called Strike
0-1: Called Strike
0-2: Foul Ball, location: 2F
0-2: Foul Ball, location: 2F
0-2: Ground out 1-3 (Groundball, P)
Cliff Aldridge to third
Batting: RHB Patrizio Vanali 0-0: SINGLE (Flyball, 9LS)
Cliff Aldridge scores
Batting: SHB Jesús Cabañe 0-0: Swinging Strike
0-1: Fielders Choice at 2nd, 6-4 (Groundball, 6)
Bottom of the 6th over - 1 run(s), 2 hit(s), 0 error(s), 0 left on base; Las Vegas 0 - Philadelphia 1776 3
TOP OF THE 7TH
Las Vegas Flamingos batting - Pitching for Philadelphia 1776 BC : LHP Carlos Sánchez
Batting: LHB Sixto Álvarez 0-0: Ball
1-0: Ball
2-0: Foul Ball, location: 2F
2-1: Fly out, F9 (Flyball, 9D)
Batting: RHB Pablo Lugo 0-0: Called Strike
0-1: Ball
1-1: Called Strike
1-2: Strikes out swinging
Batting: LHB Jake Shelton 0-0: Ball
1-0: Foul Ball, location: 2F
1-1: Swinging Strike
1-2: Fly out, F7 (Flyball, 7LD)
Top of the 7th over - 0 run(s), 0 hit(s), 0 error(s), 0 left on base; Las Vegas 0 - Philadelphia 1776 3
BOTTOM OF THE 7TH
Philadelphia 1776 BC batting - Pitching for Las Vegas Flamingos : RHP Melvin Haney
Batting: RHB Greg Robinson 0-0: Called Strike
0-1: Fly out, F9 (Flyball, 9)
Batting: RHB Russell Jackson 0-0: Swinging Strike
0-1: Called Strike
0-2: Fly out, F7 (Flyball, 7LD)
Batting: RHB Dave Morris 0-0: Called Strike
0-1: Fly out, F8 (Line Drive, 8LS)
Bottom of the 7th over - 0 run(s), 0 hit(s), 0 error(s), 0 left on base; Las Vegas 0 - Philadelphia 1776 3
TOP OF THE 8TH
Las Vegas Flamingos batting - Pitching for Philadelphia 1776 BC : LHP Carlos Sánchez
Batting: LHB Sinclair van Kooten 0-0: Ball
1-0: SOLO HOME RUN (Line Drive, 9D), Distance : 371 ft
Pitching: LHP José Sandoval
Batting: RHB Sake van Arem 0-0: Called Strike
0-1: Swinging Strike
0-2: Hit by Pitch
Batting: RHB Ángel López 0-0: Called Strike
0-1: Swinging Strike
0-2: Ball
1-2: Strikes out swinging
Batting: RHB Terry Sylvester 0-0: Ball
1-0: Foul Ball, location: 2F
1-1: Called Strike
1-2: Ball
2-2: Fly out, F8 (Flyball, 8RM)
Batting: LHB Chris McKinney 0-0: Ball
1-0: Foul Ball, location: 2F
1-1: Foul Ball, location: 2F
1-2: Strikes out looking
Top of the 8th over - 1 run(s), 1 hit(s), 0 error(s), 1 left on base; Las Vegas 1 - Philadelphia 1776 3
BOTTOM OF THE 8TH
Philadelphia 1776 BC batting - Pitching for Las Vegas Flamingos : RHP Melvin Haney
Batting: RHB Jesús Orozco 0-0: Ball
1-0: Ball
2-0: Called Strike
2-1: Foul Ball, location: 2F
2-2: Ball
3-2: Base on Balls
Pitching: LHP Shunen Takahashi
Batting: LHB Cliff Aldridge 0-0: Called Strike
0-1: Ground out 5-3 (Groundball, 56S)
Jesús Orozco to second
Batting: LHB Héctor Torres 0-0: Called Strike
0-1: Ball
1-1: Ball
2-1: Ball
3-1: Called Strike
3-2: Fly out, F9 (Flyball, 89D)
Runner from 2nd tags up, SAFE at 3rd, no throw
Batting: RHB Jesús Rodríguez 0-0: Ball
1-0: Foul Ball, location: 2F
1-1: Called Strike
1-2: Ground out 6-3 (Groundball, 6)
Bottom of the 8th over - 0 run(s), 0 hit(s), 0 error(s), 1 left on base; Las Vegas 1 - Philadelphia 1776 3
TOP OF THE 9TH
Las Vegas Flamingos batting - Pitching for Philadelphia 1776 BC : LHP José Sandoval
Batting: RHB Jeff Young 0-0: Called Strike
0-1: Ball
1-1: Ball
2-1: Fly out, F7 (Line Drive, 7LD)
Batting: LHB Sixto Álvarez 0-0: Ball
1-0: Ball
2-0: Called Strike
2-1: Called Strike
2-2: Foul Ball, location: 2F
2-2: SOLO HOME RUN (Flyball, 9LD), Distance : 335 ft
Batting: RHB Pablo Lugo 0-0: SINGLE (Line Drive, 8RS)
Pinch Hitting: RHB John Aston 0-0: Foul Ball, location: 2F
0-1: Foul Ball, location: 2F
0-2: Ball
1-2: Foul Ball, location: 2F
1-2: Strikes out swinging
Pinch Hitting: LHB Victor Adams 0-0: Ball
1-0: Called Strike
1-1: Called Strike
1-2: Ball
2-2: Ground out U3 (Groundball, 34)
Top of the 9th over - 1 run(s), 2 hit(s), 0 error(s), 1 left on base; Las Vegas 2 - Philadelphia 1776 3
Friday, December 30th, 2016 - OOTP Baseball 17.12 Build 75